 Dungeon Crawl Stone Soup version 0.21-a0-538-gd16b88a (webtiles) character file.

12139 mortelune the Destroyer (level 11, -8/54 HPs)
             Began as a Deep Elf Wizard on Dec 16, 2017.
             Was a Priest of Vehumet.
             Mangled by a red ugly thing (16 damage)
             ... on level 11 of the Dungeon.
             The game lasted 01:31:48 (19685 turns).

mortelune the Destroyer (Deep Elf Wizard)          Turns: 19685, Time: 01:31:49

Health: -8/54      AC:  8    Str:  5    XL:     11   Next: 58%
Magic:  11/35      EV: 20    Int: 28    God:    Vehumet [***...]
Gold:   235        SH:  5    Dex: 17    Spells: 11/28 levels left

rFire    . . .     SeeInvis .   G - +7 captain's cutlass {speed, disarm}
rCold    . . .     Gourm    .   H - +0 buckler
rNeg     + . .     Faith    .   e - +1 robe "Luutes" {rN+ Dex+4}
rPois    .         Spirit   .   l - +2 helmet
rElec    .         Reflect  .   (no cloak)
rCorr    .         Harm     .   D - +0 pair of gloves
MR       +....                  J - +0 pair of boots
Stlth    +++.......             (no amulet)
HPRegen  0.18/turn              x - +2 ring of intelligence
MPRegen  0.24/turn              N - ring of magical power

@: no status effects
A: no striking features
a: Renounce Religion


You were on level 11 of the Dungeon.
You worshipped Vehumet.
Vehumet was most pleased with you.
You were not hungry.

You visited 2 branches of the dungeon, and saw 14 of its levels.
You also visited: Sewer.

You collected 720 gold pieces.
You spent 485 gold pieces at shops.

Inventory:

Hand Weapons
 G - the +7 captain's cutlass (weapon) {speed, disarm}
   (You found it on level 6 of the Dungeon)

   Attacks with this weapon are significantly faster.
Armour
 a - a +0 robe
 e - the +1 robe "Luutes" (worn) {rN+ Dex+4}
   (You bought it in a shop on level 8 of the Dungeon)

   It affects your dexterity (+4).
   It protects you from negative energy.
 g - a +0 troll leather armour
 l - a +2 helmet (worn)
 D - a +0 pair of gloves (worn)
 H - a +0 buckler (worn)
 J - a +0 pair of boots (worn)
Jewellery
 w - an uncursed ring of protection from magic
 x - a +2 ring of intelligence (left hand)
 F - an uncursed ring of poison resistance
 K - an uncursed ring of wizardry
 N - a ring of magical power (right hand)
 S - an uncursed ring of fire
Wands
 y - a wand of iceblast (9)
 A - a wand of enslavement (14)
 L - a wand of paralysis (9)
 Q - a wand of flame (29)
 T - a wand of random effects (17)
Scrolls
 b - a scroll of blinking {unknown}
 f - a scroll of enchant armour
 i - a scroll of random uselessness
 o - 2 scrolls of teleportation
 q - 3 scrolls of fear
 s - a scroll of enchant weapon
 v - 3 scrolls of remove curse
 E - a scroll of immolation {unknown}
Potions
 h - 5 potions of degeneration
 j - 2 potions of mutation {unknown}
 k - 2 potions of cancellation
 m - a potion of haste
 p - 11 potions of curing
 r - 2 potions of lignification
 t - a potion of magic {unknown}
 B - 3 potions of heal wounds
 C - a potion of resistance
 I - 3 potions of flight
Books
 c - a book of Minor Magic

   Spells                             Type                      Level
   a - Magic Dart                     Conjuration                  1
   b - Blink                          Translocation                2
   c - Call Imp                       Summoning                    2
   d - Slow                           Hexes                        2
   e - Conjure Flame                  Conjuration/Fire             3
   f - Mephitic Cloud                 Conjuration/Poison/Air       3
 u - a book of Changes

   Spells                             Type                      Level
   a - Beastly Appendage              Transmutation                1
   b - Sticks to Snakes               Transmutation                2
   c - Spider Form                    Transmutation/Poison         3
   d - Ice Form                       Ice/Transmutation            4
   e - Blade Hands                    Transmutation                5
 M - a book of Conjurations

   Spells                             Type                      Level
   a - Magic Dart                     Conjuration                  1
   b - Searing Ray                    Conjuration                  2
   c - Dazzling Spray                 Conjuration/Hexes            3
   d - Fulminant Prism                Conjuration/Hexes            4
   e - Force Lance                    Conjuration/Translocation    4
   f - Iskenderun's Mystic Blast      Conjuration                  4
 O - a book of Geomancy

   Spells                             Type                      Level
   a - Sandblast                      Earth                        1
   b - Passwall                       Transmutation/Earth          2
   c - Stone Arrow                    Conjuration/Earth            3
   d - Petrify                        Transmutation/Earth          4
   e - Lee's Rapid Deconstruction     Earth                        5
Miscellaneous
 P - a phial of floods
Comestibles
 d - 12 bread rations
 n - 2 royal jellies
 z - 11 fruits
 R - a meat ration
 U - a chunk of flesh


   Skills:
 + Level 5.5 Short Blades
 + Level 2.1 Armour
 + Level 10.2 Dodging
 - Level 5.0 Stealth
 - Level 4.0 Shields
 - Level 9.0 Spellcasting
 * Level 12.5 Conjurations
 - Level 2.0 Summonings
 - Level 2.0 Translocations
 + Level 5.1 Fire Magic


You had 11 spell levels left.
You knew the following spells:

 Your Spells              Type           Power        Failure   Level  Hunger
a - Magic Dart            Conj           ####         1%          1    None
b - Call Imp              Summ           ###.....     3%          2    None
c - Conjure Flame         Conj/Fire      ######..     1%          3    None
d - Blink                 Tloc           N/A          3%          2    None
e - Iskenderun's Mystic   Conj           ######..     1%          4    None
f - Mephitic Cloud        Conj/Pois/Air  #####...     1%          3    None
g - Slow                  Hex            ##......     7%          2    None


Dungeon Overview and Level Annotations

Branches:
Dungeon (13/15)            Temple (1/1) D:7             Orc (0/2) D:9
   Lair: D:8-11      Vaults: D:13-14

Altars:
Cheibriados
Dithmenos
Fedhas
Gozag
Makhleb
Nemelex Xobeh
Qazlal
Sif Muna
Trog
Vehumet
Wu Jian
Xom
Yredelemnul
Zin
The Shining One

Shops:
D:6 =   D:8 (**([

Portals:
Trove: D:10 (give +5 demon trident)

Annotations:
D:3 Edmund


Message History

Confirm with . or Enter, or press ? or * to list all spells.
Aiming: Magic Dart
Press: ? - help, Shift-Dir - straight line, f/p - red ugly thing
Aim: a red ugly thing (flame, heavily wounded)
The magic dart hits the red ugly thing.
The red ugly thing is heavily wounded.
The red ugly thing is engulfed in blazing flames.
The red ugly thing engulfs you!
You are engulfed in flames!!
Casting: Magic Dart
Confirm with . or Enter, or press ? or * to list all spells.
Aiming: Magic Dart
Press: ? - help, Shift-Dir - straight line, f/p - red ugly thing
Aim: a red ugly thing (flame, heavily wounded)
The magic dart hits the red ugly thing.
The red ugly thing is heavily wounded.
The red ugly thing is engulfed in blazing flames.
The red ugly thing engulfs you!
* * * LOW HITPOINT WARNING * * *
You are engulfed in flames!
You die...

#..# ########.....
###..# #.(..........
##....#
######.###########..#
......####...##.#
#.a.
##.##...........#
#..#
##.#........###(#
#..# # ....<..#.#..#
#.# #..##..
#####..#<#..# #.###
#..... #..###..#
#.@.# ###..#
#.....รท.# ###u#####
#./..# . #.......#
#.5..P.##.##.# #
####.#.##
#..P.P..P.##.####
########...#
.....P.P..#....((
...........#
..P..P..P.#.#####
############
......P..P#.
.P...P..P..P.
......P..P..


You could see a red ugly thing and a friendly crimson imp.

Vanquished Creatures
  3 two-headed ogres
  Pikel (D:7)
  A manticore (D:11)
  2 gargoyles
  2 trolls
  A spriggan (D:7)
  8 yaks
  Eustachio (D:6)
  A hungry ghost (D:8)
  A steam dragon (D:9)
  Menkaure (D:6)
  2 water moccasins
  3 porcupines (D:11)
  An orc warrior (D:10)
  2 sky beasts
  A black bear (D:11)
  A hornet zombie (D:9)
  An eye of draining (D:11)
  2 slaves (D:7)
  An ice beast (D:10)
  4 ogres
  7 phantoms
  10 centaurs
  A crocodile (D:11)
  9 bullfrogs
  2 big kobolds
  3 scorpions
  A wyvern skeleton (D:11)
  12 killer bees
  6 wights
  A howler monkey (D:11)
  3 crimson imps
  A quasit (D:10)
  2 orc priests
  A centaur skeleton (D:4)
  8 orc wizards
  A bullfrog skeleton (D:8)
  A hound (D:8)
  An iguana (D:6)
  10 worker ants
  A hound skeleton (D:7)
  A worker ant zombie (D:9)
  3 gnolls (D:8)
  A howler monkey skeleton (D:8)
  8 adders
  4 river rats (D:6)
  2 shadow imps
  2 adder zombies
  3 worms
  A dart slug (D:1)
  5 leopard geckos
  37 orcs
  A ball python (D:2)
  10 giant cockroaches
  3 hobgoblins
  10 jackals
  16 kobolds
  4 quokkas
  5 bats
  8 frilled lizards
  5 goblins
  A leopard gecko zombie (D:7)
  11 rats
262 creatures vanquished.

Vanquished Creatures (collateral kills)
  A cyclops (D:7)
  Grinder (D:3)
  The ghost of Roxy the Skirmisher, an amateur DsMo (D:4)
  A phantom (D:4)
  2 ice beasts
  A bullfrog (D:9)
  A wyvern skeleton (D:7)
  7 killer bees
  A crimson imp (D:3)
  A quasit (D:5)
  2 orc wizards
  An orc priest (D:5)
  A centaur skeleton (D:5)
  An iguana (D:4)
  3 worker ants
  A gnoll (D:8)
  6 adders
  A shadow imp (D:5)
  2 worms
  3 orcs
  A giant cockroach (D:4)
  A hobgoblin (D:2)
  3 jackals
  A quokka (D:3)
  A bat (D:3)
  A jackal skeleton (D:4)
  4 rats
50 creatures vanquished.

Vanquished Creatures (others)
  A hungry ghost (D:7)
  44 fungi (D:11)
  29 plants (D:11)
74 creatures vanquished.

Grand Total: 386 creatures vanquished

Notes
Turn   | Place    | Note
-------+----------+-------------------------------------------
     0 | D:1      | mortelune the Deep Elf Wizard began the quest for the Orb.
     0 | D:1      | Reached XP level 1. HP: 10/10 MP: 7/7
   351 | D:1      | Reached XP level 2. HP: 15/15 MP: 3/9
   404 | D:1      | Learned a level 2 spell: Call Imp
   407 | D:1      | Learned a level 2 spell: Blink
   734 | D:1      | Reached skill level 2 in Conjurations
  1473 | D:2      | Reached XP level 3. HP: 16/19 MP: 3/11
  1753 | D:2      | Found a shimmering altar of Xom.
  1756 | D:2      | Found a shimmering altar of Xom.
  1756 | D:2      | Found a shimmering altar of Xom.
  1757 | D:2      | Found a shimmering altar of Xom.
  1757 | D:2      | Found a shimmering altar of Xom.
  2248 | D:2      | Reached XP level 4. HP: 24/24 MP: 10/12
  2404 | D:2      | Reached skill level 5 in Spellcasting
  2648 | D:2      | Learned a level 3 spell: Conjure Flame
  2651 | D:2      | Learned a level 2 spell: Slow
  3020 | D:3      | Reached skill level 3 in Conjurations
  4022 | D:2      | Reached skill level 1 in Fire Magic
  4022 | D:2      | Reached XP level 5. HP: 25/28 MP: 6/14
  4450 | D:3      | Noticed Grinder
  4478 | D:3      | Paralysed by Grinder for 7 turns
  4482 | D:3      | Killed Grinder
  4482 | D:3      | Reached skill level 4 in Conjurations
  4482 | D:3      | Reached XP level 6. HP: 26/32 MP: 1/16
  5601 | D:4      | Noticed Roxy's ghost (amateur DsMo)
  5689 | D:4      | Noticed Edmund
  6352 | D:4      | Reached skill level 5 in Conjurations
  6352 | D:4      | Reached XP level 7. HP: 32/36 MP: 9/18
  6546 | D:4      | Learned a level 3 spell: Mephitic Cloud
  6834 | D:4      | Reached skill level 5 in Dodging
  6861 | D:4      | Killed Roxy's ghost
  6861 | D:4      | Reached skill level 6 in Conjurations
  7629 | D:5      | Entered Level 5 of the Dungeon
  7664 | D:5      | Reached XP level 8. HP: 17/41 MP: 0/20
  8009 | D:5      | HP: 2/41 [shadow imp/nerve-wracking pain (14)]
  8424 | D:5      | Found a blossoming altar of Fedhas.
  8561 | D:5      | Reached skill level 7 in Conjurations
  9339 | D:6      | Noticed Eustachio
  9586 | D:6      | Found the +7 captain's cutlass {speed, disarm}
  9589 | D:6      | Found Ifecs's Jewellery Boutique.
  9592 | D:6      | Bought an uncursed ring of poison resistance for 200 gold pieces
  9645 | D:6      | Found a snail-covered altar of Cheibriados.
  9759 | D:6      | Killed Eustachio
  9759 | D:6      | Reached skill level 8 in Conjurations
  9827 | D:6      | Found a bloodstained altar of Trog.
  9846 | D:6      | Found a glowing drain.
  9891 | Sewer    | Entered a sewer
 10056 | Sewer    | Reached XP level 9. HP: 45/45 MP: 10/23
 10198 | Sewer    | Found a white marble altar of Elyvilon.
 10517 | D:6      | Noticed Menkaure
 10526 | D:6      | Killed Menkaure
 10597 | D:6      | Found a glowing silver altar of Zin.
 10805 | D:7      | Found an opulent altar of Gozag.
 10910 | D:7      | Found a staircase to the Ecumenical Temple.
 10910 | D:7      | Noticed a cyclops
 11211 | D:7      | Killed a cyclops
 11211 | D:7      | Reached skill level 1 in Shields
 11211 | D:7      | Reached skill level 9 in Conjurations
 11297 | Temple   | Entered the Ecumenical Temple
 11438 | Temple   | Became a worshipper of Vehumet
 12212 | D:7      | Reached skill level 1 in Short Blades
 12515 | D:7      | Noticed Pikel
 12522 | D:7      | Killed Pikel
 12624 | D:7      | Learned a level 4 spell: Iskenderun's Mystic Blast
 12650 | D:7      | Reached skill level 10 in Conjurations
 13203 | D:8      | Reached XP level 10. HP: 50/50 MP: 7/25
 13296 | D:8      | Found Heuv Wuy's Weapon Shoppe.
 13415 | D:8      | Reached * piety under Vehumet
 13415 | D:8      | Offered knowledge of Sandblast by Vehumet.
 13617 | D:8      | Found Cusa's General Store.
 13636 | D:8      | Noticed a two-headed ogre
 13930 | D:8      | Found Tuokud's Weapon Emporium.
 14011 | D:8      | Killed a two-headed ogre
 14146 | D:8      | Found Irigur's General Store.
 14150 | D:8      | Bought a potion of heal wounds for 60 gold pieces
 14150 | D:8      | Bought a scroll of teleportation for 36 gold pieces
 14150 | D:8      | Bought a scroll of identify for 24 gold pieces
 14397 | D:8      | Found Yriloc's Antique Armour Boutique.
 14401 | D:8      | Bought a fabulously ornate robe for 165 gold pieces
 14413 | D:8      | Identified the +1 robe "Luutes" {rN+ Dex+4} (You bought it in a shop on level 8 of the Dungeon)
 14687 | D:9      | Noticed a two-headed ogre
 14692 | D:9      | Killed a two-headed ogre
 14692 | D:9      | Reached skill level 11 in Conjurations
 14802 | D:9      | Noticed a two-headed ogre
 14806 | D:9      | Killed a two-headed ogre
 14884 | D:9      | Found a radiant altar of Vehumet.
 15084 | D:9      | Offered knowledge of Shock by Vehumet.
 15149 | D:9      | Found a staircase to the Orcish Mines.
 15178 | D:9      | Found an ornate altar of the Wu Jian Council.
 15286 | D:9      | Reached ** piety under Vehumet
 15317 | D:9      | Found a shadowy altar of Dithmenos.
 15857 | D:9      | Found a burning altar of Makhleb.
 16088 | D:10     | Entered Level 10 of the Dungeon
 16088 | D:10     | Noticed a gargoyle
 16355 | D:10     | Reached XP level 11. HP: 45/54 MP: 8/26
 17166 | D:10     | Found a portal to a secret trove of treasure.
 17433 | D:10     | Offered knowledge of Inner Flame by Vehumet.
 18113 | D:11     | Reached skill level 5 in Short Blades
 18113 | D:11     | Reached skill level 1 in Armour
 18113 | D:11     | Reached skill level 12 in Conjurations
 18383 | D:11     | Reached skill level 5 in Stealth
 18405 | D:11     | Reached skill level 10 in Dodging
 18636 | D:11     | Reached *** piety under Vehumet
 18834 | D:11     | You fall through a shaft for 2 floors!
 19377 | D:11     | Reached skill level 5 in Fire Magic
 19680 | D:11     | Noticed a red ugly thing
 19685 | D:11     | Mangled by a red ugly thing

Vault maps used:
D:1:      elethiomel_arrival_maze, serial_forest, infiniplex_forest_clump_tiny,
          infiniplex_forest_clump_long, infiniplex_forest_lined_3,
          infiniplex_forest_end_3, infiniplex_forest_lined_room_3,
          infiniplex_forest_clump_long, infiniplex_forest_corner_2
D:2:      xom_redecorated
D:3:      uniq_grinder
D:4:      kennysheep_boxes, uniq_edmund
D:5:      old_standard_altar, first_bread, serial_park_tiny_1
D:6:      marbit_many_paths, lemuel_coloured_pillars_altar,
          kennysheep_mini_moat, portal_sewer_entry_c, serial_shops,
          kennysheep_mini, uniq_menkaure, uniq_eustachio
D:7:      lemuel_doored_altar, minmay_temple_entry_junction, the_bakery,
          uniq_pikel
D:8:      serial_shops, nicolae_shop_trees, shop, nicolae_shop_statue_plus,
          nicolae_shop_stone, kennysheep_little_box
D:9:      makhleb_grotto_becter, lemuel_round_altar,
          nicolae_dithmenos_the_darkroom, orc_0_dummy, basic_altar
D:10:     enter_trove_2
D:11:     due_lair_maze_entry_diamond, stair_cage_open
D:12:     minmay_protected_statue
D:13:     erik_vaults_1, nicolae_gozag_cash_rules_everything_around_me
Temple:   oiseaux_autumnal_temple
Sewer:    sewer_kobolds

Skill      XL: |  1  2  3  4  5  6  7  8  9 10 11 |
---------------+----------------------------------+-----
Conjurations   | 2 3 4 5 6 8 10 11 12 | 12.5
Dodging        | 3 4 5 6 8 9 10 | 10.2
Spellcasting   | 5 6 7 8 9 |  9.0
Summonings     | 2 |  2.0
Translocations | 2 |  2.0
Fire Magic     | 1 2 3 4 5 |  5.1
Shields        | 2 4 |  4.0
Short Blades   | 2 4 5 |  5.5
Stealth        | 4 5 |  5.0
Armour         | 2 |  2.1

Action                   |  1- 3 |  4- 6 |  7- 9 | 10-12 || total
-------------------------+-------+-------+-------+-------++-------
Melee: Short sword       |     7 |    13 |    19 |       ||    39
       Cutlass           |       |       |    41 |    60 ||   101
       Mace              |       |       |     1 |       ||     1
 Cast: Magic Dart        |    66 |   140 |   390 |   208 ||   804
       Call Imp          |     9 |    33 |    59 |    39 ||   140
       Blink             |       |     3 |     5 |     5 ||    13
       Conjure Flame     |       |     9 |    19 |    11 ||    39
       Slow              |       |     2 |       |       ||     2
       Mephitic Cloud    |       |       |     7 |     4 ||    11
       Iskenderun's Myst |       |       |    15 |   119 ||   134
  Use: Scroll            |       |     8 |     5 |     7 ||    20
       Potion            |       |       |     1 |     1 ||     2
 Stab: Confused          |       |       |     1 |       ||     1
       Sleeping          |       |       |     2 |       ||     2
       Distracted        |       |       |       |     1 ||     1
  Eat: Chunk             |     4 |     4 |    14 |    20 ||    42
       Meat ration       |       |     1 |       |       ||     1
       Royal jelly       |       |     1 |     3 |       ||     4
       Fruit             |       |       |     2 |       ||     2
Armor: Robe              |     7 |    18 |    42 |    18 ||    85
Dodge: Dodged            |    17 |    58 |   117 |   100 ||   292
Block: Buckler           |       |       |     9 |    28 ||    37

Table legend:
 A = Spawn XP
 B = Non-spawn XP
 C = Spawn XP percentage of total XP
 D = Spawn monster count
 E = Non-spawn monster count
 F = Spawn count percentage of total count
 G = Total turns spent on level
                    A         B        C        D         E        F      G
               +---------+---------+-------+---------+---------+-------+---------
         Total |       0 |   17342 |   0.0 |       0 |     310 |   0.0 | 19685
               +---------+---------+-------+---------+---------+-------+---------
           D:1 |       0 |      26 |   0.0 |       0 |      17 |   0.0 |  1679
           D:2 |       0 |     111 |   0.0 |       0 |      34 |   0.0 |  2786
           D:3 |       0 |     361 |   0.0 |       0 |      30 |   0.0 |  1588
           D:4 |       0 |     916 |   0.0 |       0 |      22 |   0.0 |  2073
           D:5 |       0 |     650 |   0.0 |       0 |      19 |   0.0 |  1290
           D:6 |       0 |     851 |   0.0 |       0 |      18 |   0.0 |  1082
           D:7 |       0 |    2333 |   0.0 |       0 |      29 |   0.0 |  2008
           D:8 |       0 |    2065 |   0.0 |       0 |      34 |   0.0 |  1461
           D:9 |       0 |    3193 |   0.0 |       0 |      24 |   0.0 |  1482
          D:10 |       0 |    1839 |   0.0 |       0 |      33 |   0.0 |  2022
          D:11 |       0 |    4548 |   0.0 |       0 |      38 |   0.0 |  1470
          D:13 |       0 |     351 |   0.0 |       0 |       1 |   0.0 |    41
         Sewer |       0 |      98 |   0.0 |       0 |      11 |   0.0 |   509
               +---------+---------+-------+---------+---------+-------+---------
